Map: Bel'Shir Vestige LE (Void)

Players

Torkk

  • Race: Protoss Protoss
  • Spawn Location: 11:00

Livibee - Winner!

  • Race: Zerg Zerg
  • Spawn Location: 5:00

Event: WCS Austin 2017

VOD

Have the link to the VOD?

Description

Time

  • Played on: April 28, 2017, 2:15 p.m.
  • Length: 3:04

All games in this series

Show
View Real Time Build Order
Export as new Build Order

Torkk Protoss 

Build Orders: 1 Gate Expand 

Get SALT Encoding   

  12  0:01  Probe (Chrono Boost)  
  13  0:12  Probe (Chrono Boost)  
  14  0:20  Pylon  
  14  0:22  Probe (Chrono Boost)  
  15  0:38  Probe (Chrono Boost)  
  15  0:42  Gateway  
  16  0:48  Probe (Chrono Boost)  
  17  0:53  Assimilator  
  17  0:59  Probe (Chrono Boost)  
  18  1:10  Probe (Chrono Boost)  
  19  1:23  Nexus  
  19  1:26  Zealot  
  21  1:39  Cybernetics Core  
  20  1:46  Pylon  
  20  2:03  Gateway  
  19  2:12  Adept  
  15  2:34  Probe (Chrono Boost)  
  15  2:36  Probe (Chrono Boost)  
Show
View Real Time Build Order
Export as new Build Order

Livibee Zerg - Winner!

Build Orders: Pool First 

Get SALT Encoding   

  12  0:19  Spawning Pool  
  11  0:23  Drone  
  11  0:27  Drone  
  13  0:30  Drone  
  14  0:39  Overlord  
  14  1:06  Zergling x4  
  14  1:09  Zergling x2  
  14  1:10  Queen  
  19  1:20  Extractor  
  19  1:21  Zergling x2  
  19  1:28  Zergling x2  
  20  1:39  Zergling x2  
  21  1:49  Overlord  
  21  2:08  Zergling x2  
  21  2:15  Zergling x2  
  22  2:24  Zergling x2  
  22  2:25  Zergling x4  
  24  2:33  Zergling x2  
  25  2:43  Zergling x2  
  25  2:51  Hatchery  
Tags
 
Add a new tag
Caveats
  • Supply blocks, unpowered buildings, or Contaminate may cause inaccurate times.
  • Supply counts are checked every 10 seconds.